AoeStats
← DKing

Pilgrims

509628812Analyzed
4v4 RM · 5d ago on Sep 27, 2026· 13m 31s· 8 players
Game mode
Random Map
Map size
Large (8 player)
Population
200
Speed
Normal
Resources
Standard
Victory
Conquest
Starting age
Dark Age
Ending age
Imperial Age
RankedLock teamsTeams togetherTeam positionsShared explorationLock speedFull tech treeHidden civsTurbo modeCheats
Victory
Defeat
🇨🇦 Berbers · Canada
1285
+15
🇨🇦 Cumans · Canada
1285
+15
🇦🇷 Spanish · Argentina
1270
+16
🇵🇹 Italians · Portugal
1243
+18
🇨🇳 Saracens · China
1304
-17
🇨🇱 Persians · Chile
1266
-16
🇨🇳 Saxons · China
1262
-16
🇨🇳 Dravidians · China
1249
-15
Cabelord
8:13 Loom
13:54 Feudal Age
DKing
4:54 Loom
10:57 Feudal Age
12:36 Double-Bit Axe
12:43 Fletching
Samwise Gamgee
10:19 Feudal Age
9:15 Loom
A Little Bit of Home
4:54 Loom
10:47 Feudal Age
Gabito
9:59 Feudal Age
10:34 Double-Bit Axe
13:37 Loom
永远在进步
12:00 Feudal Age
12:14 Loom
13:18 Double-Bit Axe
球球拳
11:52 Feudal Age
cyfantax
12:52 Feudal Age
14:13 Wheelbarrow
Connection lost

Rejoining the realm…

Still unreachable

The connection could not be restored.

Session expired

The server has moved on; the page needs a fresh start.